 Dungeon Crawl Stone Soup version 0.19-a0-1886-gd64a0f0 (webtiles) character file.

358 Theye the Shield-Bearer (level 6, -14/48 HPs)
             Began as a Demonspawn Fighter on Oct 15, 2016.
             Killed from afar by Dowan (18 damage)
             ... with a stone arrow
             ... on level 4 of the Dungeon.
             The game lasted 00:02:28 (2748 turns).

Theye the Shield-Bearer (Demonspawn Fighter)        Turns: 2748, Time: 00:02:29

Health: -14/48     AC:  9    Str: 21    XL:     6   Next: 37%
Magic:  6/6        EV:  9    Int:  9    God:
Gold:   169        SH:  9    Dex: 15    Spells: 0 memorised, 5 levels left

rFire  . . .     SeeInvis .     a - +0 long sword
rCold  . . .     Gourm    .     b - +0 scale mail
rNeg   . . .     Faith    .     c - +0 shield
rPois  .         Spirit   .     l - +1 helmet
rElec  .         Dismiss  .     g - +0 cloak
rCorr  .         Reflect  .     (no gloves)
MR     .....     Harm     .     (no boots)
Stlth  ..........               (no amulet)
                                k - ring of wizardry
                                (no ring)

@: mighty, heavily drained
A: repulsion field 1, rot immunity
a: no special abilities


You were on level 4 of the Dungeon.
You were very hungry.

You visited 1 branch of the dungeon, and saw 4 of its levels.

You collected 169 gold pieces.

Inventory:

Hand Weapons
 a - a +0 long sword (weapon)
Armour
 b - a +0 scale mail (worn)
 c - a +0 shield (worn)
 g - a +0 cloak (worn)
 l - a +1 helmet (worn)
Jewellery
 i - an uncursed ring of ice
 k - a ring of wizardry (right hand)
Scrolls
 e - a scroll of fog {unknown}
 j - 4 scrolls of identify {unknown}
 p - 2 scrolls of teleportation {unknown}
 r - a scroll of remove curse {unknown}
 s - 2 scrolls of enchant armour {unknown}
Potions
 h - a potion of lignification {unknown}
 o - a potion of heal wounds {unknown}
 q - a potion of ambrosia {unknown}
 t - a potion of degeneration {unknown}
Comestibles
 f - 2 bread rations
 m - 4 meat rations
 n - 3 fruits


   Skills:
 + Level 3.7(1.5) Fighting
 + Level 3.6(1.5) Long Blades
 + Level 3.7(1.5) Armour
 + Level 1.4(0.0) Dodging
 + Level 4.1(2.0) Shields


You had 5 spell levels left.
You didn't know any spells.

Dungeon Overview and Level Annotations

Branches:
Dungeon (4/15)
 Temple: D:4-7

Altars:

Annotations:
D:3 Jessica; Theye's ghost, amateur HOFi
D:4 Dowan


Innate Abilities, Weirdness & Mutations

You are surrounded by a mild repulsion field. (EV +2)
You are immune to rotting.


Message History

Your experience leads to an increase in your attributes!
Your base attributes are Str 16, Int 9, Dex 14.
Increase (S)trength, (I)ntelligence, or (D)exterity?
You feel agile. Dowan hits you with a dagger. x2
You slash Dowan!
Dowan is heavily wounded.
Dowan barely misses you. Dowan closely misses you.
Dowan points at you and mumbles some strange words.
The stone arrow hits you!
* * * LOW HITPOINT WARNING * * *
You are too injured to fight recklessly!
You are too injured to fight recklessly!
You are too injured to fight recklessly!
You hit Dowan.
Dowan is severely wounded.
You block Dowan's attack. Dowan gestures at you while chanting.
The stone arrow hits you!
You die...

###.###........##.
#.# ##.......###
#.# ###.......#
#.## #######..
#..# ##. #..# #.
##.# #. ###..## ##
#@e...# #..).....#
#.........#..#
.......#####....
#...### .... ##..
..... ## ....


You could see Dowan.

Vanquished Creatures
  Duvessa (D:4)
  An ogre (D:4)
  A worker ant (D:4)
  Robin (D:2)
  3 gnolls (D:2)
  3 adders
  2 oozes
  2 worms
  2 dart slugs
  3 leopard geckos
  9 bats
  2 giant cockroaches (D:1)
  12 goblins
  11 hobgoblins
  5 kobolds
  2 quokkas (D:2)
  A ball python (D:2)
  A frilled lizard (D:1)
  3 rats
65 creatures vanquished.

Notes
Turn   | Place    | Note
-------+----------+-------------------------------------------
     0 | D:1      | Theye the Demonspawn Fighter began the quest for the Orb.
     0 | D:1      | Reached XP level 1. HP: 18/18 MP: 1/1
   297 | D:1      | Gained mutation: You are surrounded by a mild repulsion field. (EV +2) [demonic ancestry]
   297 | D:1      | Reached XP level 2. HP: 24/24 MP: 2/2
   559 | D:1      | Reached skill level 3 in Shields
   567 | D:1      | Gained mutation: You are immune to rotting. [demonic ancestry]
   567 | D:1      | Reached XP level 3. HP: 27/29 MP: 3/3
  1380 | D:2      | Noticed Robin
  1380 | D:2      | Reached XP level 4. HP: 29/35 MP: 4/4
  1390 | D:2      | Killed Robin
  2058 | D:3      | Noticed Theye's ghost (amateur HOFi)
  2058 | D:3      | Noticed Jessica
  2549 | D:4      | Reached XP level 5. HP: 41/41 MP: 5/5
  2674 | D:4      | Noticed an ogre
  2686 | D:4      | Killed an ogre
  2686 | D:4      | Reached skill level 1 in Dodging
  2686 | D:4      | Reached skill level 4 in Shields
  2729 | D:4      | Noticed Duvessa
  2730 | D:4      | Noticed Dowan
  2746 | D:4      | Killed Duvessa
  2746 | D:4      | Reached XP level 6. HP: 20/48 MP: 6/6
  2748 | D:4      | Killed from afar by Dowan

Vault maps used:
D:1:      dpeg_arrival_morbid_curiosity, serial_co_window_serial,
          co_window_corner_a, co_window_of_opportunity_a, co_window_paths_b,
          co_window_corner_a, co_window_paths_b, co_window_of_opportunity_a,
          co_window_paths_a, co_window_corner_b, co_window_broadway_b,
          co_window_broadway_b, glass_columns_c, glass_columns_a
D:2:      uniq_robin
D:3:      minitemple, interstate_on_off, kennysheep_another_room, uniq_jessica
D:4:      nicolae_underground_beach, uniq_pikel, uniq_duvessa

Skill      XL: |  1  2  3  4  5 |
---------------+----------------+-----
Armour         | 3 |  3.7
Shields        | 3 4 |  4.1
Long Blades    | 2 3 |  3.6
Dodging        | 1 |  1.4
Fighting       | |  3.7

Action                   |  1- 3 |  4- 6 || total
-------------------------+-------+-------++-------
Melee: Long sword        |   121 |   142 ||   263
  Use: Potion            |       |     1 ||     1
  Eat: Meat ration       |     1 |       ||     1
Armor: Scale mail        |    66 |    96 ||   162
Dodge: Dodged            |    57 |    74 ||   131
Block: Shield            |    75 |   112 ||   187
       Rpst.: Long sword |    19 |    25 ||    44
